 Dungeon Crawl Stone Soup version 0.27-a0-1579-g97d2440184 (webtiles) character file.

Game seed: 9454540730111630406

3749 tatocazan the Cleaver (level 9, -7/82 HPs)
             Began as a Minotaur Fighter on July 18, 2021.
             Was a High Priest of Uskayaw.
             Mangled by a troll (8 damage)
             ... on level 8 of the Dungeon.
             The game lasted 00:06:49 (8237 turns).

tatocazan the Cleaver (Minotaur Fighter)            Turns: 8237, Time: 00:06:50

Health: -7/82      AC: 12    Str: 24    XL:     9   Next: 93%
Magic:  8/8        EV:  7    Int:  5    God:    Uskayaw [*****.]
Gold:   631        SH: 11    Dex: 10    Spells: 8/8 levels left

rFire    + . .     SeeInvis .   a - +0 war axe
rCold    . . .     Faith    .   c - +0 kite shield
rNeg     . . .     Spirit   .   l - +0 chain mail
rPois    .         Reflect  .   (helmet restricted)
rElec    .         Harm     .   f - +0 cloak
rCorr    .         Rampage  .   (no gloves)
Will     .....                  (no boots)
Stlth    ..........             (no amulet)
HPRegen  0.23/turn              q - ring of protection from fire
MPRegen  0.11/turn              (no ring)

@: mighty
A: horns 2, retaliatory headbutt
a: Renounce Religion, Stomp, Line Pass, Grand Finale


You were on level 8 of the Dungeon.
You worshipped Uskayaw.
Uskayaw was noncommittal.
You visited 2 branches of the dungeon, and saw 9 of its levels.

You collected 631 gold pieces.

Inventory:

Hand Weapons
 a - a +0 war axe (weapon)
Missiles
 A - 7 javelins (quivered)
Armour
 c - a +0 kite shield (worn)
 f - a +0 cloak (worn)
 l - a +0 chain mail (worn)
Jewellery
 q - a ring of protection from fire (left hand)
Wands
 m - a wand of acid (8)
 r - a wand of iceblast (8)
 s - a wand of digging (9)
Scrolls
 b - a scroll of magic mapping {unknown}
 e - 3 scrolls of enchant armour {unknown}
 g - 2 scrolls of vulnerability {unknown}
 h - 3 scrolls of teleportation
 i - 6 scrolls of identify
 j - a scroll of immolation {unknown}
 k - a scroll of enchant weapon {unknown}
 p - a scroll of amnesia {unknown}
 t - a scroll of torment {unknown}
 y - a scroll of acquirement {unknown}
 C - a scroll of fog {unknown}
Potions
 n - 3 potions of degeneration
 o - 2 potions of curing
 u - a potion of lignification {unknown}
 v - a potion of resistance {unknown}
 w - a potion of flight {unknown}
 x - a potion of heal wounds {unknown}
 z - a potion of attraction {unknown}
 B - a potion of cancellation {unknown}


   Skills:
 + Level 8.5 Fighting
 * Level 10.9 Axes
 + Level 8.5 Armour
 + Level 8.5 Shields


You had 8 spell levels left.
You didn't know any spells.
Your spell library contained the following spells:

 Spells                   Type           Power      Damage    Failure   Level
 Summon Small Mammal      Summ           0%         N/A       100%        1
 Call Canine Familiar     Summ           0%         N/A       100%        3
 Ignite Poison            Fire/Tmut/Pois 0%         N/A       100%        3
 Mephitic Cloud           Conj/Pois/Air  0%         N/A       100%        3
 Summon Guardian Golem    Hex/Summ       0%         N/A       100%        3
 Bolt of Magma            Conj/Fire/Erth 0%         4d4       100%        5


Dungeon Overview and Level Annotations

Branches:
Dungeon (8/15)             Temple (1/1) D:6
   Lair: D:8-11

Altars:
Ashenzari
Cheibriados
Dithmenos
Elyvilon
Fedhas
Gozag
Hepliaklqana
Makhleb
Nemelex Xobeh
Okawaru
Qazlal
Ru
Uskayaw
Vehumet
Wu Jian
Xom
Yredelemnul
Zin
The Shining One

Annotations:
D:3 1 runed translucent door, Leeroy's ghost, amateur PaWr


Innate Abilities, Weirdness & Mutations

You have a pair of horns on your head.
You reflexively headbutt those who attack you in melee.


Message History

You block the troll's attack. The troll claws you. The yak barely misses you.
Uskayaw will force your foes to share their pain.
Uskayaw links your audience in an emotional bond!
You take 8 damage, and have 28/82 hp.
You slice the yak!!
You kill the yak!
You headbutt the yak.
You kill the yak!
Your chain mail prevents you from hitting the troll.
The troll bites you but does no damage. The troll closely misses you.
The troll claws you.
* * * LOW HITPOINT WARNING * * *
You can now merge with and destroy a victim.
You take 4 damage, and have 24/82 hp.
You barely miss the troll. Your headbutt misses the troll.
The troll is heavily wounded.
The troll is no longer sharing its pain.
The troll bites you!
* * * LOW HITPOINT WARNING * * *
The troll claws you!
* * * LOW HITPOINT WARNING * * *
The troll barely misses you.
You take 16 damage, and have 8/82 hp.
You feel better. You block the troll's attack. The troll completely misses you.
You block the troll's attack.
You regained 5 hp, and now have 13/82 hp.
You slash the troll!
The troll is severely wounded.
The troll closely misses you. You block the troll's attack.
The troll claws you but does no damage.
You slash the troll!
The troll is almost dead.
You block the troll's attack. The troll claws you but does no damage.
The troll barely misses you. You block the troll's attack. x3
Your shield and chain mail prevent you from hitting the troll.
The troll is almost dead.
The troll bites you!
* * * LOW HITPOINT WARNING * * *
The troll claws you!
You die...

#....8...#._..#
#........#....#....
#........#....#...
.....8...#._..#...
###..##.##....#..
#...####⌠.⌠.#.#
##...###'####.#
#..†.........#######.
####.#..###..@.......
#....# #.T†.......
###..# #..........
#..# #.......... #..#
#.......... #.^#
##########. #..#


You could see a troll.

Vanquished Creatures
  Grinder (D:6)
  A wyvern (D:5)
  9 yaks (D:8)
  A steam dragon (D:7)
  2 ice beasts (D:7)
  2 sky beasts (D:7)
  A hornet zombie (D:6)
  3 ogres
  2 phantoms
  A centaur (D:5)
  3 bullfrogs
  3 scorpions
  A wyvern skeleton (D:7)
  A water moccasin skeleton (D:5)
  A centaur zombie (D:8)
  2 bullfrog zombies (D:5)
  An orc priest (D:7)
  4 jellies
  A centaur skeleton (D:3)
  A bullfrog skeleton (D:6)
  A hound (D:6)
  Jessica (D:2)
  2 iguanas (D:6)
  2 orc wizards
  6 adders
  A shadow imp (D:8)
  An ufetubus (D:5)
  3 worms
  A dart slug (D:3)
  13 orcs
  6 endoplasms
  3 giant cockroaches
  5 goblins
  6 hobgoblins
  8 jackals
  10 kobolds
  A quokka (D:2)
  10 ball pythons
  5 bats
  5 frilled lizards
  6 rats
137 creatures vanquished.

Vanquished Creatures (others)
  An endoplasm (D:1)
  2 withered plants (D:3)
3 creatures vanquished.

Grand Total: 140 creatures vanquished

Notes
Turn   | Place    | Note
-------+----------+-------------------------------------------
     0 | D:1      | tatocazan the Minotaur Fighter began the quest for the Orb.
     0 | D:1      | Reached XP level 1. HP: 19/19 MP: 0/0
   159 | D:1      | Found a faded altar of an unknown god.
   164 | D:1      | Reached XP level 2. HP: 27/27 MP: 1/1
   866 | D:2      | Reached skill level 3 in Axes
   899 | D:2      | Reached XP level 3. HP: 26/33 MP: 2/2
  1061 | D:2      | Noticed Jessica
  1064 | D:2      | Killed Jessica
  1327 | D:2      | Reached XP level 4. HP: 36/40 MP: 3/3
  1744 | D:3      | Found a runed translucent door.
  1744 | D:3      | Noticed Leeroy's ghost (amateur PaWr)
  1882 | D:3      | Found an opulent altar of Gozag.
  2045 | D:3      | Found a basalt altar of Yredelemnul.
  2203 | D:3      | Reached skill level 4 in Axes
  2556 | D:3      | Found a blossoming altar of Fedhas.
  2667 | D:3      | Found a glowing golden altar of the Shining One.
  2808 | D:4      | Found a shadowy altar of Dithmenos.
  2855 | D:4      | Reached XP level 5. HP: 47/47 MP: 4/4
  2982 | D:4      | Noticed a phantom
  3029 | D:4      | Killed a phantom
  4112 | D:5      | Entered Level 5 of the Dungeon
  4139 | D:5      | Reached skill level 5 in Axes
  4139 | D:5      | Reached skill level 5 in Armour
  4139 | D:5      | Reached XP level 6. HP: 55/55 MP: 5/5
  4142 | D:5      | Found a white marble altar of Elyvilon.
  4152 | D:5      | Reached skill level 5 in Shields
  4160 | D:5      | Noticed a wyvern
  4165 | D:5      | Killed a wyvern
  4166 | D:5      | Reached skill level 5 in Fighting
  4471 | D:5      | Reached skill level 6 in Axes
  4471 | D:5      | Reached XP level 7. HP: 55/61 MP: 6/6
  5377 | D:6      | Found a staircase to the Ecumenical Temple.
  5406 | Temple   | Entered the Ecumenical Temple
  5474 | Temple   | Became a worshipper of Uskayaw the Reveller
  5514 | D:6      | Reached * piety under Uskayaw
  5517 | D:6      | Reached ** piety under Uskayaw
  5518 | D:6      | Reached skill level 7 in Axes
  5847 | D:6      | Noticed Grinder
  5855 | D:6      | Killed Grinder
  5855 | D:6      | Reached *** piety under Uskayaw
  5856 | D:6      | Reached XP level 8. HP: 70/70 MP: 7/7
  6256 | D:6      | Reached skill level 8 in Axes
  7106 | D:7      | Reached **** piety under Uskayaw
  7109 | D:7      | Reached ***** piety under Uskayaw
  7111 | D:7      | Reached skill level 9 in Axes
  7246 | D:7      | Found an iron altar of Okawaru.
  7284 | D:7      | Reached XP level 9. HP: 63/79 MP: 8/8
  7368 | D:7      | Found a sacrificial altar of Ru.
  7977 | D:8      | Found a sparkling altar of Nemelex Xobeh.
  7979 | D:8      | Found an ornate altar of the Wu Jian Council.
  8015 | D:8      | Reached skill level 10 in Axes
  8223 | D:8      | Noticed a troll
  8237 | D:8      | HP: 1/82 [troll (13)]
  8237 | D:8      | Mangled by a troll

Illustrated notes

Levels and vault maps discovered:
D:1:      nicolae_arrival_washed_ashore, layout_basic,
          dreamdust_ecumenical_altar_statues, grunt_decor_junction,
          lemuel_flame_loot_1
D:2:      layout_basic, uniq_jessica
D:3:      layout_loops_corners, fedhas_altar_fruit_tree, lemuel_tele_altar,
          nicolae_gozag_cash_rules_everything_around_me,
          mainiacjoe_overflow_24_doors, gammafunk_ghost_grave
D:4:      layout_basic, amcnicky_altar_gilded, bh_walls_and_bars
D:5:      layout_basic, nicolae_elyvilon_peaceful_grove
D:6:      layout_loops_ring, minmay_temple_entry_gardened_gates,
          grunt_ministairs_5, uniq_grinder
D:7:      layout_rooms, nicolae_ru_great_annihilating_truth,
          kennysheep_vampire_church, kennysheep_okawaru_gauntlet
D:8:      layout_basic, jmf_multi_god_temple, led_sif_pool
Temple:   dpeg_three_leaves_temple

Skill      XL: |  1  2  3  4  5  6  7  8  9 |
---------------+----------------------------+-----
Axes           | 3 4 5 6 7 9 10 | 10.9
Fighting       | 4 5 6 7 8 |  8.5
Armour         | 4 5 6 7 8 |  8.5
Shields        | 4 5 6 7 8 |  8.5

Action                   |  1- 3 |  4- 6 |  7- 9 || total
-------------------------+-------+-------+-------++-------
Melee: War axe           |    62 |   119 |   213 ||   394
       Headbutt          |     8 |    23 |    42 ||    73
  Use: Potion            |       |       |     4 ||     4
       Scroll            |       |       |     2 ||     2
 Stab: Paralysed         |       |       |    15 ||    15
Armor: Scale mail        |    31 |    26 |       ||    57
       Chain mail        |       |    34 |   140 ||   174
Dodge: Dodged            |    23 |    35 |    61 ||   119
Block: Kite shield       |    41 |    69 |   123 ||   233

Table legend: (Time is in decaauts)
 A = Elapsed time spent in this place.
 B = Non-inter-level travel time spent in this place.
 C = Inter-level travel time spent in this place.
 D = Time resting spent in this place.
 E = Time spent auto-exploring this place.
 F = Levels seen in this place.
 G = Mean time per level.
                   A        B        C        D        E       F      G
               +--------+--------+--------+--------+--------+-----+--------+
         Total |   8391 |   8213 |    178 |   1512 |   5704 |   9 |  932.3 |
       Dungeon |   8307 |   8141 |    166 |   1512 |   5639 |   8 | 1038.4 |
        Temple |     84 |     72 |     12 |      0 |     65 |   1 |   84.0 |
               +--------+--------+--------+--------+--------+-----+--------+

Top non-repeatable levels by time:
     D:5: 1782 daAuts
     D:4: 1329 daAuts
     D:3: 1235 daAuts
     D:6: 1099 daAuts
     D:7: 935 daAuts
     D:1: 879 daAuts
     D:2: 753 daAuts
     D:8: 293 daAuts
  Temple: 84 daAuts
